 Dungeon Crawl Stone Soup version 0.30-a0-137-gd8773701ce (webtiles) character file.

Game seed: 15312895168667860453

307 ytrimaz the Trooper (level 6, -1/58 HPs)
             Began as a Hill Orc Fighter on Sept 23, 2022.
             Succumbed to a scorpion's poison
             ... on level 3 of the Dungeon.
             The game lasted 00:02:21 (2771 turns).

ytrimaz the Trooper (Hill Orc Fighter)              Turns: 2771, Time: 00:02:22

Health: -1/58      AC:  6    Str: 19 (21) XL:     6   Next: 40%
Magic:  6/6        EV:  9    Int:  6 (8)  God:
Gold:   101        SH:  5    Dex:  7 (10) Spells: 5/5 levels left

rFire   . . .      SeeInvis .    a - +0 war axe
rCold   . . .      Faith    .    c - +1 buckler
rNeg    . . .      Spirit   .    b - +0 scale mail
rPois   .          Reflect  .    (no helmet)
rElec   .          Harm     .    (no cloak)
rCorr   .          Rampage  .    (no gloves)
Will    .....                    (no boots)
Stlth   ..........               (no amulet)
HPRegen 0.19/turn                (no ring)
MPRegen 0.10/turn                (no ring)

@: lethally poisoned (-1 -> -18), flying
A: no striking features
a: no special abilities


You were on level 3 of the Dungeon.
You visited 1 branch of the dungeon, and saw 3 of its levels.

You collected 101 gold pieces.


   Skills:
 + Level 6.4 Fighting
 + Level 6.3 Axes
 - Level 3.2 Armour
 - Level 3.2 Shields


You had 5 spell levels left.
You didn't know any spells.
Your spell library contained the following spells:

 Spells                   Type           Power      Damage    Failure   Level
 Ozocubu's Armour         Ice            0%         N/A       99%         3
 Ozocubu's Refrigeration  Ice            0%         4d7       100%        7

Inventory:

Hand Weapons
 a - a +0 war axe (weapon)
Armour
 b - a +0 scale mail (worn)
 c - a +1 buckler (worn)
Scrolls
 g - a scroll of immolation
 h - a scroll of blinking
 j - 2 scrolls of identify
Potions
 d - a potion of might
 i - 2 potions of curing {unknown}
 k - a potion of mutation {unknown}
 l - a potion of attraction {unknown}

Dungeon Overview and Level Annotations

Branches:
Dungeon (3/15) Zot: 15169

Altars:
Nemelex Xobeh

Shops:
D:2

* ..............!
...............
.............. ..###
............. .....
...........#############
...........#.#.#...#.#.#
......sSo....#...#...#..
......)@...#...#.#.#...#
#..........#...#.#.#...#
#########....#...#...#..
#+##.#.#...#.#.#
#############


You could see a scorpion, an adder and an orc.


Message History

😕 HP[+11]
You regained 11 hp, and now have 57/58 hp.
A kobold comes into view.
It is wielding a +0 short sword and quivering poisoned darts.
The kobold shouts!
The kobold throws a poisoned dart.
The poisoned dart hits you!
You are poisoned. 😎 HP[+1]
Your hp is fully restored (58).
You feel sick.
An orc comes into view. It is wielding a +0 dagger.
An orc comes into view. It is wielding a +0 club.
The kobold throws a poisoned dart.
You block the poisoned dart. 😕 HP[-2]
You take 2 damage, and now have 56/58 hp.
A scorpion comes into view.
You feel sick.
The orc shouts! x2 😕 HP[-1]
You take 1 damage, and now have 55/58 hp.
You feel sick.
An orc comes into view. It is wielding a +0 club.
The kobold throws a poisoned dart.
The poisoned dart hits you!
You are more poisoned. 😕 HP[-1]
You take 1 damage, and now have 54/58 hp.
A giant cockroach comes into view.
You feel sick. 😕 HP[-2]
You take 2 damage, and now have 52/58 hp.
Unknown command.
You closely miss the scorpion. You closely miss the kobold.
You feel very sick.
The kobold hits you with a +0 short sword.
The scorpion barely misses you. 😕 HP[-5]
You take 5 damage, and now have 47/58 hp.
You slash the scorpion! You slash the orc!
You kill the orc!
You closely miss the kobold.
You feel sick. The scorpion stings you.
You are more poisoned.
The scorpion poisons you! You block the kobold's attack.
An adder comes into view.
You block the scorpion's attack. The orc closely misses you.
The kobold hits you with a +0 short sword. 😮 HP[-5]
You take 5 damage, and now have 42/58 hp.
You are too injured to fight recklessly!
Unknown command.
You closely miss the scorpion.
The adder hisses angrily.
You hit the kobold.
You kill the kobold!
You completely miss the orc.
You feel very sick. The scorpion misses you.
The orc barely misses you. 😮 HP[-4]
You take 4 damage, and now have 38/58 hp.
You closely miss the scorpion. You slash the giant cockroach!
You kill the giant cockroach!
You closely miss the orc.
You feel sick. You block the scorpion's attack.
The orc hits you with a +0 club. The scorpion stings you.
You are more poisoned.
The scorpion poisons you! 😮 HP[-8]
You take 8 damage, and now have 30/58 hp.
You hit the scorpion but do no damage. You slash the orc!
You kill the orc!
You barely miss the orc.
You feel very sick. You block the orc's attack. The scorpion stings you.
* * * LOW HITPOINT WARNING * * *
😨 HP[-6]
You take 6 damage, and now have 24/58 hp.
You slash the scorpion! You barely miss the orc.
You feel very sick. The scorpion stings you.
* * * LOW HITPOINT WARNING * * *
The orc barely misses you. The adder barely misses you.
The orc barely misses you. The scorpion stings you.
* * * LOW HITPOINT WARNING * * *
You are lethally poisoned!
The scorpion poisons you! 😱 HP[-12]
You take 12 damage, and now have 12/58 hp.
MASSIVE DAMAGE!! (PAUSE) It was a potion of flight.
You feel very buoyant.
You fly up into the air.
* * * LOW HITPOINT WARNING * * *
You feel very sick. The adder bites you but does no damage.
The scorpion stings you but does no damage.
The orc hits you with a +0 club.
* * * LOW HITPOINT WARNING * * *
😱 HP[-9]
You take 9 damage, and now have 3/58 hp.
It was a potion of degeneration.
There was something very wrong with that liquid.
You feel weakened.
You feel dopey.
You feel clumsy.
You die...

Skill      XL: |  1  2  3  4  5 |
---------------+----------------+-----
Axes           | 3 4 5 6 |  6.3
Fighting       | 4 5 6 |  6.4
Armour         | |  3.2
Shields        | |  3.2

Action                   |  1- 3 |  4- 6 || total
-------------------------+-------+-------++-------
Melee: War axe           |   101 |    85 ||   186
  Use: Scroll            |     5 |     1 ||     6
       Potion            |       |     2 ||     2
Armor: Scale mail        |    49 |    37 ||    86
Dodge: Dodged            |    51 |    46 ||    97
Block: Buckler           |    30 |    29 ||    59

Levels and vault maps discovered:
D:1:      scummos_arrival_simple_crosswalls, layout_basic,
          chequers_ecumenical_altar_twisty
D:2:      layout_basic, serial_shops, nicolae_shop_waterfront, basic_altar,
          uniq_sigmund
D:3:      layout_basic, grunt_ministairs_2, minmay_misc_feat_alley,
          kennysheep_cross_room

Notes
Turn   | Place    | Note
-------+----------+-------------------------------------------
     0 | D:1      | ytrimaz the Hill Orc Fighter began the quest for the Orb.
     0 | D:1      | Reached XP level 1. HP: 19/19 MP: 1/1
     0 | D:1      | magus.rc [v1.9.6]
   134 | D:1      | Found a faded altar of an unknown god.
   181 | D:1      | Reached skill level 3 in Axes
   259 | D:1      | Reached XP level 2. HP: 23/27 MP: 2/2
   318 | D:1      | Reached skill level 4 in Fighting
   476 | D:1      | You add the spells Ozocubu's Armour and Ozocubu's
                  | Refrigeration to your library.
   647 | D:1      | Reached XP level 3. HP: 34/34 MP: 3/3
   942 | D:1      | Reached skill level 4 in Axes
  1503 | D:2      | Reached XP level 4. HP: 41/41 MP: 4/4
  1601 | D:2      | Found Wosow's Assorted Antiques.
  1681 | D:2      | Found a sparkling altar of Nemelex Xobeh.
  1767 | D:2      | Reached skill level 5 in Fighting
  1837 | D:2      | Reached skill level 5 in Axes
  1838 | D:2      | Reached XP level 5. HP: 22/48 MP: 5/5
  2428 | D:2      | Noticed Sigmund
  2440 | D:2      | Killed Sigmund
  2441 | D:2      | Reached skill level 6 in Fighting
  2441 | D:2      | Reached skill level 6 in Axes
  2441 | D:2      | Reached XP level 6. HP: 44/57 MP: 6/6
  2769 | D:3      | HP: 12/58 [scorpion (6)]
  2770 | D:3      | HP: 3/58 [orc/+0 club (4)]
  2771 | D:3      | Succumbed to a scorpion's poison

Vanquished Creatures
  Sigmund (D:2)
  6 gnolls
  3 adders (D:2)
  A dart slug (D:1)
  2 orcs (D:3)
  5 ball pythons
  3 endoplasms (D:1)
  6 giant cockroaches
  4 goblins
  6 hobgoblins
  10 jackals
  4 kobolds
  A quokka (D:1)
  5 bats
  A frilled lizard (D:1)
  6 rats
64 creatures vanquished.

Table legend:
 A = Non-vault XP
 B = Vault XP
 C = Vault XP percentage of total XP
 D = Non-vault monster count
 E = Vault monster count
 F = Vault count percentage of total count
                 A         B        C        D         E       F
            +---------+---------+-------+---------+---------+-------
      Total |     222 |     217 |  49.4 |      61 |       3 |   4.7
            +---------+---------+-------+---------+---------+-------
        D:1 |      65 |       0 |   0.0 |      35 |       0 |   0.0
        D:2 |     104 |     214 |  67.3 |      17 |       1 |   5.6
        D:3 |      53 |       3 |   5.4 |       9 |       2 |  18.2
            +---------+---------+-------+---------+---------+-------

Illustrated notes

Table legend:
 A = Kills in this place as a percentage of kills in entire the game.
 B = Kills by you in this place as a percentage of kills by you in the entire game.
 C = Kills by friends in this place as a percentage of kills by friends in the entire game.
 D = Other kills in this place as a percentage of other kills in the entire game.
 E = Experience gained in this place as a percentage of experience gained in the entire game.
 F = Experience gained in this place divided by the number of levels of this place that you have seen.
                   A       B       C       D       E      F
               +-------+-------+-------+-------+-------+----------------------
         Total | 100.0 | 100.0 |   N/A |   N/A | 100.0 | 146.3
       Dungeon | 100.0 | 100.0 |   N/A |   N/A | 100.0 | 146.3
               +-------+-------+-------+-------+-------+----------------------

Table legend: (Time is in decaauts)
 A = Elapsed time spent in this place.
 B = Non-inter-level travel time spent in this place.
 C = Inter-level travel time spent in this place.
 D = Time resting spent in this place.
 E = Time spent auto-exploring this place.
 F = Levels seen in this place.
 G = Mean time per level.
                   A        B        C        D        E       F      G
               +--------+--------+--------+--------+--------+-----+--------+
         Total |   2830 |   2797 |     33 |      0 |   2337 |   3 |  943.3 |
       Dungeon |   2830 |   2797 |     33 |      0 |   2337 |   3 |  943.3 |
               +--------+--------+--------+--------+--------+-----+--------+

Top non-repeatable levels by time:
     D:1: 1449 daAuts
     D:2: 1210 daAuts
     D:3: 170 daAuts
